 Dungeon Crawl Stone Soup version 0.27-a0-686-gaed091b46b (webtiles) character file.

Game seed: 9403919007158775957

30 funkygono the Gusty (level 3, -4/24 HPs)
             Began as a Demonspawn Air Elementalist on Mar 20, 2021.
             Slain by a goblin
             ... wielding a +0 club
              (6 damage)
             ... on level 1 of the Dungeon.
             The game lasted 00:02:38 (1254 turns).

funkygono the Gusty (Demonspawn Air Elementalist)   Turns: 1254, Time: 00:02:38

Health: -4/24      AC:  2    Str:  8    XL:     3   Next: 5%
Magic:  0/6        EV: 12    Int: 17    God:
Gold:   22         SH:  0    Dex: 13    Spells: 0/6 levels left

rFire    . . .     SeeInvis .   e - +0 club
rCold    . . .     Faith    .   (no shield)
rNeg     . . .     Spirit   .   a - +0 robe
rPois    .         Reflect  .   (no helmet)
rElec    .         Harm     .   (no cloak)
rCorr    .         Rampage  .   (no gloves)
Will     .....                  (no boots)
Stlth    ++........             (no amulet)
HPRegen  0.08/turn              (no ring)
MPRegen  0.10/turn              (no ring)

@: no status effects
A: talons 2
a: no special abilities


You were on level 1 of the Dungeon.
You visited 1 branch of the dungeon, and saw 1 of its levels.

You collected 22 gold pieces.

Inventory:

Hand Weapons
 e - a +0 club (weapon)
Missiles
 b - 31 stones
Armour
 a - a +0 robe (worn)
Scrolls
 d - 2 scrolls of identify {unknown}
Potions
 c - a potion of might {unknown}
 f - a potion of curing {unknown}
 g - a potion of heal wounds {unknown}
 h - a potion of ambrosia {unknown}


   Skills:
 + Level 1.8 Dodging
 - Level 1.7 Stealth
 * Level 2.4 Spellcasting
 * Level 1.2 Conjurations
 * Level 3.3 Air Magic


You couldn't memorise any spells.
You knew the following spells:

 Your Spells              Type           Power      Damage    Failure   Level
a - Shock                 Conj/Air       40%        1d5       7%          1
b - Swiftness             Air            13%        N/A       7%          2
c - Static Discharge      Conj/Air       10%        N/A       22%         3

Your spell library contained the following spells:

 Spells                   Type           Power      Damage    Failure   Level
 Magic Dart               Conj           24%        1d4       11%         1
 Blink                    Tloc           N/A        N/A       28%         2
 Call Imp                 Summ           2%         N/A       28%         2
 Slow                     Hex            2%         N/A       28%         2
 Mephitic Cloud           Conj/Pois/Air  7%         N/A       30%         3
 Conjure Flame            Conj/Fire      4%         6-21      38%         3
 Airstrike                Air            6%         N/A       43%         4
 Lightning Bolt           Conj/Air       5%         1d17      89%         5


Dungeon Overview and Level Annotations

Branches:
Dungeon (1/15)

Altars:

Shops:
D:1 (


Innate Abilities, Weirdness & Mutations

You have razor-sharp toenails.


Message History

Casting: Shock (safe; 7% risk of failure)
Confirm with . or Enter, or press ? or * to list all spells.
The spell is extremely dangerous to cast (22% risk of failure)!
Continue anyway?
You miscast Static Discharge.
You are very lightly contaminated with residual magic.
You are blasted with air.
The goblin hits you with a +0 club.
Casting: Static Discharge (extremely dangerous; 22% risk of failure)
Confirm with . or Enter, or press ? or * to list all spells.
Aiming: Shock (safe; 7% risk of failure)
Press: ? - help, Shift-Dir - straight line, f - goblin
Aim: a goblin, wielding a +0 club (40% to evade)
The zap misses the goblin.
The goblin hits you with a +0 club.
Unknown command.
Casting: Shock (safe; 7% risk of failure)
Confirm with . or Enter, or press ? or * to list all spells.
Aiming: Shock (safe; 7% risk of failure)
Press: ? - help, Shift-Dir - straight line, f/p - goblin
Aim: a goblin, wielding a +0 club (40% to evade)
The zap misses the goblin.
The goblin hits you with a +0 club.
Unknown command.
Casting: Shock (safe; 7% risk of failure)
Confirm with . or Enter, or press ? or * to list all spells.
Aiming: Shock (safe; 7% risk of failure)
Press: ? - help, Shift-Dir - straight line, f/p - goblin
Aim: a goblin, wielding a +0 club (40% to evade)
The zap misses the goblin.
The goblin barely misses you. The goblin barely misses you.
You miss the goblin. Your kick misses the goblin. The goblin barely misses you.
The goblin hits you with a +0 club!
You hit the goblin but do no damage. Your kick misses the goblin.
The goblin hits you with a +0 club!
* * * LOW HITPOINT WARNING * * *
Your magical contamination has completely faded away.
Casting: Shock (safe; 7% risk of failure)
Confirm with . or Enter, or press ? or * to list all spells.
Aiming: Shock (safe; 7% risk of failure)
Press: ? - help, Shift-Dir - straight line, f/p - goblin
Aim: a goblin, wielding a +0 club (40% to evade)
The zap misses the goblin.
The goblin hits you with a +0 club.
You die...

#.........# #####
###....##.# #...#
#.......# #.#.#
####.#..### #.#.#
........#########.#.###
####...................
###.......####.#.###
#.......# #.#.#
#@......# #.#.#
#g......# #.#'##
#.......# #....#
#.......# #....#
#######.#+##+## #....#
#.........##.#####.#'##
#######.#..........#.###
#.....#.##.#######....
######.....#.# # #####


You could see a goblin.

Vanquished Creatures
  2 leopard geckos (D:1)
  A giant cockroach (D:1)
  6 goblins (D:1)
  4 hobgoblins (D:1)
  A kobold (D:1)
  2 quokkas (D:1)
  3 bats (D:1)
  A frilled lizard (D:1)
  4 rats (D:1)
24 creatures vanquished.

Notes
Turn   | Place    | Note
-------+----------+-------------------------------------------
     0 | D:1      | funkygono the Demonspawn Air Elementalist began the quest
                  | for the Orb.
     0 | D:1      | Reached XP level 1. HP: 13/13 MP: 3/3
   119 | D:1      | Found Qyoze's Weapon Boutique.
   123 | D:1      | Reached skill level 3 in Air Magic
   224 | D:1      | Gained mutation: You have sharp toenails. [demonic
                  | ancestry]
   224 | D:1      | Reached XP level 2. HP: 19/19 MP: 1/5
   227 | D:1      | Learned a level 2 spell: Swiftness
  1035 | D:1      | Gained mutation: You have razor-sharp toenails. [demonic
                  | ancestry]
  1035 | D:1      | Reached XP level 3. HP: 19/24 MP: 1/6
  1039 | D:1      | Learned a level 3 spell: Static Discharge
  1254 | D:1      | Slain by a goblin

Illustrated notes

Levels and vault maps discovered:
D:1:      dpeg_arrival_more_subterranean_lakeside_camping, layout_basic,
          serial_shops, shop

Skill      XL: |  1 |
---------------+----+-----
Air Magic      | 3 |  3.3
Dodging        | |  1.8
Stealth        | |  1.7
Spellcasting   | |  2.4
Conjurations   | |  1.2

Action                   || total
-------------------------++-------
Melee: Club              ||     4
 Cast: Shock             ||    46
Armor: Robe              ||     3
Dodge: Dodged            ||    12

Table legend: (Time is in decaauts)
 A = Elapsed time spent in this place.
 B = Non-inter-level travel time spent in this place.
 C = Inter-level travel time spent in this place.
 D = Time resting spent in this place.
 E = Time spent auto-exploring this place.
 F = Levels seen in this place.
 G = Mean time per level.
                   A        B        C        D        E       F      G
               +--------+--------+--------+--------+--------+-----+--------+
         Total |   1257 |   1257 |      0 |      0 |   1130 |   1 | 1257.0 |
       Dungeon |   1257 |   1257 |      0 |      0 |   1130 |   1 | 1257.0 |
               +--------+--------+--------+--------+--------+-----+--------+

Top non-repeatable levels by time:
     D:1: 1257 daAuts
